 Dungeon Crawl Stone Soup version 0.30-a0-4-ga7cffc901d (webtiles) character file.

Game seed: 9867489510771312754

97 Setbun the Sneak (level 5, -3/30 HPs)
             Began as a Kobold Enchanter on Aug 20, 2022.
             Slain by an orc
             ... wielding a +2 vorpal hand axe
              (6 damage)
             ... on level 3 of the Dungeon.
             The game lasted 00:01:57 (2648 turns).

Setbun the Sneak (Kobold Enchanter)                 Turns: 2648, Time: 00:01:57

Health: -3/30      AC:  2    Str:  5    XL:     5   Next: 0%
Magic:  8/8        EV: 15    Int: 17    God:
Gold:   72         SH:  0    Dex: 17    Spells: 6/8 levels left

rFire   . . .      SeeInvis .    o - +0 dagger (venom)
rCold   . . .      Faith    .    (no shield)
rNeg    . . .      Spirit   .    b - +0 robe
rPois   .          Reflect  .    (no helmet)
rElec   .          Harm     .    (no cloak)
rCorr   .          Rampage  .    (no gloves)
Will    .....                    (no boots)
Stlth   ++++......               (no amulet)
HPRegen 0.10/turn                (no ring)
MPRegen 0.11/turn                (no ring)

@: no status effects
A: small, no large weapons, nightstalker 3
a: no special abilities


You were on level 3 of the Dungeon.
You visited 1 branch of the dungeon, and saw 3 of its levels.

You collected 72 gold pieces.

Inventory:

Hand Weapons
 a - a +1 dagger
 o - a +0 dagger of venom (weapon)
Armour
 b - a +0 robe (worn)
Wands
 h - a wand of iceblast (9)
Scrolls
 f - a scroll of poison {unknown}
 g - a scroll of enchant weapon {unknown}
 k - a scroll of silence {unknown}
 l - a scroll of fog {unknown}
 n - 2 scrolls of enchant armour {unknown}
 q - a scroll of identify {unknown}
Potions
 c - 2 potions of invisibility
 d - 3 potions of curing {unknown}
 e - a potion of haste {unknown}
 i - a potion of lignification {unknown}
 j - 2 potions of flight {unknown}
 m - a potion of ambrosia {unknown}
 p - a potion of brilliance {unknown}


   Skills:
 + Level 1.6 Fighting
 * Level 3.7 Short Blades
 + Level 3.2 Dodging
 + Level 5.0 Stealth
 - Level 2.1 Spellcasting
 - Level 3.0 Hexes


You had 6 spell levels left.
You knew the following spells:

 Your Spells              Type           Power      Damage    Failure   Level
a - Ensorcelled Hibernat  Hex/Ice        12%        N/A       16%         2

Your spell library contained the following spells:

 Spells                   Type           Power      Damage    Failure   Level
 Confusing Touch          Hex            12%        N/A       17%         3
 Tukima's Dance           Hex            12%        N/A       17%         3
 Static Discharge         Conj/Air       1%         3-4/arc   28%         2
 Dazzling Flash           Conj/Hex       12%        N/A       30%         3
 Lightning Bolt           Conj/Air       0%         1d11      99%         5
 Maxwell's Capacitive Co  Air            0%         ∞         100%        8


Dungeon Overview and Level Annotations

Branches:
Dungeon (3/15)

Altars:
Dithmenos

Shops:
D:2 !


Innate Abilities, Weirdness & Mutations

You are small and have problems with some larger weapons.
You are completely attuned to the shadows.


Message History

You kill the endoplasm!
You have reached level 5!
You feel clever.
You start resting.
An orc is nearby!
An orc is nearby!
There is a stone staircase leading up here.
Okay, then.
You climb upwards.
There is a stone staircase leading down here.
You start resting.
HP restored.
Memorise Ensorcelled Hibernation, consuming 2 spell levels and leaving 6?
You start memorising the spell.
You continue memorising. x2
You finish memorising.
Spell assigned to 'a'.
You climb downwards.
There is a stone staircase leading up here.
Found a long sword.
An orc priest comes into view. It is wielding a +0 short sword.
An orc priest is nearby!
An orc comes into view. It is wielding a +2 vorpal hand axe.
An orc priest comes into view. It is wielding a +0 hand axe.
The orc shouts!
The orc priest shouts!
You hear a shout! x2
An orc comes into view. It is wielding a +0 trident.
A quokka comes into view.
The orc priest invokes the aid of Beogh against you.
Beogh smites you! The orc closely misses you.
The orc priest hits you with a +0 short sword.
The orc attacks as you move away! The orc misses you.
An orc comes into view. It is wielding a +0 falchion.
The orc attacks as you move away!
The orc hits you with a +2 vorpal hand axe.
The orc attacks as you move away! The orc barely misses you.
The orc attacks as you move away!
The orc hits you with a +2 vorpal hand axe!
* * * LOW HITPOINT WARNING * * *
x2 The orc attacks as you move away!
The orc hits you with a +2 vorpal hand axe.
You die...

........# #...#### #...÷.##
### .......# ..# .......#
#.###.......#
##..........## #..###
.....## # #.o@.#
......####### #. ###.##.#
)............
##.###...##.#..............
....#.o####.##..........†..
#...## #.###............
#..######................
#.#..##..................[.
#.............#.##..#######
........#######.###<..####


You could see 2 orcs.

Vanquished Creatures
  5 adders
  A dart slug (D:2)
  3 ball pythons
  10 bats
  4 endoplasms
  4 giant cockroaches
  3 hobgoblins
  4 jackals (D:2)
  6 kobolds
  2 quokkas
  2 frilled lizards (D:1)
  2 goblins
  3 rats
49 creatures vanquished.

Notes
Turn   | Place    | Note
-------+----------+-------------------------------------------
     0 | D:1      | Setbun the Kobold Enchanter began the quest for the Orb.
     0 | D:1      | Reached XP level 1. HP: 10/10 MP: 3/3
   358 | D:1      | Reached XP level 2. HP: 16/16 MP: 5/5
   450 | D:1      | You fall into a shaft and drop 1 floor!
   571 | D:2      | Identified the +5 dagger "Xalo" {vorpal, Str+4}
   735 | D:2      | Reached skill level 1 in Fighting
   735 | D:2      | Reached XP level 3. HP: 20/20 MP: 6/6
   769 | D:2      | Found a shadowy altar of Dithmenos.
   868 | D:2      | Found Nouguy's Distillery.
  1171 | D:2      | Reached XP level 4. HP: 22/25 MP: 7/7
  2415 | D:3      | Reached skill level 5 in Stealth
  2441 | D:3      | Reached XP level 5. HP: 14/30 MP: 8/8
  2604 | D:2      | Learned a level 2 spell: Ensorcelled Hibernation
  2648 | D:3      | Slain by an orc

Illustrated notes

Levels and vault maps discovered:
D:1:      lightli_arrival_flooded_house, layout_rooms
D:2:      layout_loops_corners, serial_shops, nicolae_shop_waterfront,
          basic_altar
D:3:      layout_rooms, mainiacjoe_overflow_cross_hatched, old_standard_altar,
          hellmonk_ecumenical_altar_crossroads, uniq_robin

Skill      XL: |  1  2  3  4 |
---------------+-------------+-----
Short Blades   | 2 3 |  3.7
Fighting       | 1 |  1.6
Dodging        | 3 |  3.2
Stealth        | 5 |  5.0
Spellcasting   | |  2.1
Hexes          | |  3.0

Action                   |  1- 3 |  4- 6 || total
-------------------------+-------+-------++-------
Melee: Dagger            |    69 |    75 ||   144
       Punch             |       |     1 ||     1
 Stab: Sleeping          |    15 |     7 ||    22
Armor: Robe              |    13 |     7 ||    20
Dodge: Dodged            |    63 |    50 ||   113

Table legend: (Time is in decaauts)
 A = Elapsed time spent in this place.
 B = Non-inter-level travel time spent in this place.
 C = Inter-level travel time spent in this place.
 D = Time resting spent in this place.
 E = Time spent auto-exploring this place.
 F = Levels seen in this place.
 G = Mean time per level.
                   A        B        C        D        E       F      G
               +--------+--------+--------+--------+--------+-----+--------+
         Total |   2629 |   2537 |     92 |    428 |   1765 |   3 |  876.3 |
       Dungeon |   2629 |   2537 |     92 |    428 |   1765 |   3 |  876.3 |
               +--------+--------+--------+--------+--------+-----+--------+

Top non-repeatable levels by time:
     D:2: 1345 daAuts
     D:1: 977 daAuts
     D:3: 306 daAuts
